 Dungeon Crawl Stone Soup version 0.19-a0-1532-g228a5d9 (webtiles) character file.

170 hairmachine the Cudgeler (level 5, -3/53 HPs)
             Began as an Ogre Skald on Sept 13, 2016.
             Killed from afar by an orc wizard (7 damage)
             ... with a magic dart
             ... on level 4 of the Dungeon.
             The game lasted 00:09:32 (4203 turns).

hairmachine the Cudgeler (Ogre Skald)               Turns: 4203, Time: 00:09:33

Health: -3/53      AC:  4    Str: 17      XL:     5   Next: 50%
Magic:  8/8        EV:  9    Int:  8 (11) God:
Gold:   125        SH:  0    Dex:  8 (10) Spells: 1 memorised, 7 levels left

rFire  . . .     SeeInvis .     a - +0 mace
rCold  . . .     Gourm    .     b - +0 robe
rNeg   . . .     Faith    .     (no shield)
rPois  .         Spirit   .     (helmet restricted)
rElec  .         Dismiss  .     i - +0 cloak
rCorr  .         Reflect  .     (gloves unavailable)
MR     .....     Harm     .     (boots unavailable)
Stlth  +.........               (no amulet)
                                (no ring)
                                (no ring)

@: heavily drained
A: unfitting armour, tough skin 1
a: no special abilities


You were on level 4 of the Dungeon.
You were not hungry.

You visited 1 branch of the dungeon, and saw 4 of its levels.

You collected 125 gold pieces.

Inventory:

Hand Weapons
 a - a +0 mace (weapon)
Armour
 b - a +0 robe (worn)
 i - a +0 cloak (worn)
Jewellery
 l - an uncursed ring of fire {unknown}
Scrolls
 e - 2 scrolls of identify
 f - a scroll of noise
 m - a scroll of recharging {unknown}
 n - a scroll of remove curse {unknown}
 o - a scroll of enchant weapon {unknown}
 q - a scroll of teleportation {unknown}
 r - a scroll of magic mapping {unknown}
Potions
 h - a potion of cure mutation
Books
 c - a book of Battle

   Spells                             Type                      Level
   a - Infusion                       Charms                       1
   b - Shroud of Golubria             Charms/Translocation         2
   c - Song of Slaying                Charms                       2
   d - Spectral Weapon                Hexes/Charms                 3
   e - Regeneration                   Charms/Necromancy            3
Comestibles
 d - 3 bread rations
 j - 2 meat rations
 p - 2 chunks of flesh


   Skills:
 + Level 3.1(1.6) Fighting
 + Level 7.1(5.4) Maces & Flails
 - Level 1.3(0.0) Dodging
 - Level 2.4(0.9) Spellcasting
 - Level 2.1(0.7) Charms


You had 7 spell levels left.
You knew the following spells:

 Your Spells              Type           Power        Failure   Level  Hunger
a - Infusion              Chrm           #...         34%         1    ##.....


Dungeon Overview and Level Annotations

Branches:
Dungeon (4/15)
 Temple: D:4-7

Altars:
Qazlal


Innate Abilities, Weirdness & Mutations

You are too large for most types of armour.
You have tough skin. (AC +1)


Message History

It is a scroll of amnesia.
Forget which spell ([?*] list [ESC] exit)?
Forget which spell ([?*] list [ESC] exit)?
Okay, then.
The orc wizard hits you but does no damage.
The orc wizard barely misses you.
You hit the orc wizard.
The orc wizard is moderately wounded.
The orc wizard closely misses you.
You closely miss the orc wizard.
The orc wizard is moderately wounded.
The orc wizard hits you with a dagger of electrocution.
* * * LOW HITPOINT WARNING * * *
The orc wizard hits you but does no damage.
You barely miss the orc wizard.
The orc wizard is moderately wounded.
The orc wizard hits you but does no damage.
The orc wizard points at you and mumbles some strange words.
The magic dart hits you!
You die...

#.# #.# #.# #.#
#.# #.#######
#.#####.......#
#....@oo..#
########.##.#
#....o.#
#.#.##o# #.#.#
.o #.#.# ##
#.#.# #.#.#
#.#.#


You could see an orc wizard (inner flame) and an orc (inner flame).

Vanquished Creatures
  An orc priest (D:3)
  An orc wizard (D:2)
  4 adders
  An ooze (D:2)
  2 giant geckos
  2 orcs (D:3)
  A ball python (D:2)
  4 giant cockroaches
  15 goblins
  6 hobgoblins
  6 jackals
  A quokka (D:3)
  7 bats
  2 giant newts
  9 kobolds
  6 rats
68 creatures vanquished.

Notes
Turn   | Place    | Note
-------+----------+-------------------------------------------
     0 | D:1      | hairmachine the Ogre Skald began the quest for the Orb.
     0 | D:1      | Reached XP level 1. HP: 22/22 MP: 3/3
     0 | D:1      | Noticed a vampire
     0 | D:1      | Noticed a draconian
     0 | D:1      | Noticed a gargoyle
     1 | D:1      | Noticed a ghoul
     3 | D:1      | Noticed a felid
     3 | D:1      | Noticed a draconian
     6 | D:1      | Noticed a gargoyle
     7 | D:1      | Noticed a centaur
     8 | D:1      | Noticed a felid
    10 | D:1      | Noticed a ghoul
    10 | D:1      | Noticed a vampire
    12 | D:1      | Noticed a naga
    14 | D:1      | Noticed a centaur
    16 | D:1      | Noticed a ghoul
    16 | D:1      | Noticed a ghoul
    20 | D:1      | Noticed a ghoul
   125 | D:1      | Reached skill level 3 in Maces & Flails
   485 | D:1      | Reached XP level 2. HP: 29/29 MP: 5/5
   637 | D:1      | Reached skill level 4 in Maces & Flails
  1188 | D:2      | Reached XP level 3. HP: 33/36 MP: 6/6
  1630 | D:2      | Reached skill level 5 in Maces & Flails
  2223 | D:2      | Reached XP level 4. HP: 44/44 MP: 7/7
  2788 | D:3      | Reached skill level 6 in Maces & Flails
  3010 | D:2      | Reached XP level 5. HP: 14/50 MP: 8/8
  3610 | D:3      | Reached skill level 7 in Maces & Flails
  3806 | D:3      | Found a stormy altar of Qazlal.
  4203 | D:4      | Killed from afar by an orc wizard

Vault maps used:
D:1:      shiori_arrival_whats_in_store_for_you
D:3:      old_standard_altar
D:4:      grunt_ministairs_4

Skill      XL: |  1  2  3  4  5 |
---------------+----------------+-----
Maces & Flails | 3 4 5 6 7 |  7.1
Fighting       | 3 |  3.1
Dodging        | |  1.3
Spellcasting   | |  2.4
Charms         | |  2.1

Action                   |  1- 3 |  4- 6 || total
-------------------------+-------+-------++-------
Melee: Mace              |   136 |   128 ||   264
 Cast: Infusion          |     2 |     2 ||     4
  Use: Potion            |     3 |     2 ||     5
       Scroll            |       |     4 ||     4
  Eat: Chunk             |     4 |     7 ||    11
Armor: Robe              |    54 |    41 ||    95
       Skin              |     9 |       ||     9
Dodge: Dodged            |    73 |    56 ||   129
